Cogmind - Beta 11.1 @@@ ROGUE MODE // 2022.04.22 @ 18:17:55 Player: the cat Result: Destroyed by 99-TNT with 99-TNT's Nukerbomber Performance ------------- Evolutions (1) 500 Regions Visited (6) 1200 Robots Destroyed (35) 175 Value Destroyed (552) 552 Prototype IDs (31) 620 Alien Tech Used (0) 0 Bonus (300) 300 TOTAL SCORE: 3347 Bonus ------- Aligned with FarCom 300 Cogmind --------- Core Integrity 0/400 Matter 265/300 Energy 90/100 System Corruption 0% Temperature Cool (0) Movement Walking (106) Location -8/Mines Parts ------- > --- POWER (1) -------- (None) > --- PROPULSION (3) --- Makeshift Leg Potential Leg Potential Leg > --- UTILITY (2) ------ Experimental Heat Sink High-capacity Storage Unit > --- WEAPON (3) ------- (None) > --- INVENTORY (20) --- Heavy Deuterium Engine Makeshift Leg Makeshift Leg Makeshift Leg Makeshift Leg Large Storage Unit Superbattery (1500) Medium Matter Pod (64) Advanced Launcher Guidance Computer EX Chip 1 EX Chip 1 Improved System Guard Light EM Pulse Cannon Light EM Pulse Cannon Autogun Improved Assault Rifle Rocket Launcher Katana Deploy-a-Sentry Peak State ------------ > --- POWER ------------ Cooled Ion Engine > --- PROPULSION ------- Advanced Myomer Leg Potential Leg Potential Leg > --- UTILITY ---------- Experimental Heat Sink High-capacity Storage Unit > --- WEAPON ----------- AWS/Thermal 8R-AWN's Boregun > --- INVENTORY -------- Light Treads Light Treads Light Treads Compact Wheel Compact Wheel Large Storage Unit Superbattery Light EM Pulse Cannon Light EM Pulse Cannon Autogun Autogun Improved Assault Rifle Improved Assault Rifle Rocket Launcher Katana [Rating: 68] Favorites ----------- Power Cooled Ion Engine Engine Cooled Ion Engine Power Core Light Nuclear Core Propulsion Light Treads Treads Light Treads Leg Potential Leg Wheel Compact Wheel Utility Large Storage Unit Device Experimental Heat Sink Storage Large Storage Unit Hackware EX Chip 1 Protection Core Shielding Weapon Improved Assault Rifle Energy Gun Particle Gun Energy Cannon Light EM Pulse Cannon Ballistic Gun Improved Assault Rifle Launcher Grenade Launcher Impact Weapon Hammer Slashing Weapon Katana Build | -11 -10 -10 -9 -9 -9 -8 ------- Run | Scr Mat Min Mat Min Exi Min Slots Evolved 2 | . . . 2 . . . Power . | . . . . . . . Propulsion 1 | . . . 1 . . . Utility . | . . . . . . . Weapon 1 | . . . 1 . . . Parts Attached 65 | 6 13 2 13 1 25 5 Power 10 | 1 2 1 2 . 4 . Engine 9 | 1 2 1 2 . 3 . Core 1 | . . . . . 1 . Reactor . | . . . . . . . Propulsion 14 | 2 4 . 3 . 4 1 Treads 8 | 1 3 . 3 . 1 . Leg 4 | . . . . . 3 1 Wheel 2 | 1 1 . . . . . Hover . | . . . . . . . Flight . | . . . . . . . Utility 10 | 1 3 . 1 . 5 . Device 3 | . . . 1 . 2 . Storage 4 | 1 2 . . . 1 . Processor . | . . . . . . . Hackware 2 | . . . . . 2 . Protection 1 | . 1 . . . . . Artifact . | . . . . . . . Weapon 31 | 2 4 1 7 1 12 4 Energy Gun 4 | 1 1 . . . 2 . Energy Cannon 4 | . . . . . 4 . Ballistic Gun 17 | 1 2 . 7 1 3 3 Ballistic Cannon . | . . . . . . . Launcher 2 | . . 1 . . 1 . Special Weapon . | . . . . . . . Impact Weapon 1 | . 1 . . . . . Slashing Weapon 3 | . . . . . 2 1 Piercing Weapon . | . . . . . . . Special Melee Weapon . | . . . . . . . Unidentified Prototypes 4 | . . . . . 4 . Parts Lost 14 | . 5 . 1 . 3 5 Power 3 | . 1 . . . 1 1 Propulsion 4 | . 2 . . . 1 1 Utility 2 | . . . 1 . 1 . Weapon 5 | . 2 . . . . 3 Highest Loss Streak 5 | . 5 . 1 . 3 5 To Critical Strikes 2 | . . . . . 2 . Average Slot Usage (%) 98 | . 99 100 97 100 97 95 Engine 11 | . 13 14 11 11 10 9 Treads 12 | . 17 14 21 22 5 . Leg 12 | . . . . . 25 33 Wheel 6 | . 10 14 11 11 1 . Device 6 | . . . 2 11 10 11 Storage 11 | . 14 14 11 11 11 11 Protection 4 | . 13 14 6 . . . Energy Gun 5 | . 14 14 3 . 1 . Energy Cannon 3 | . . . . . 7 7 Ballistic Gun 18 | . 12 12 29 33 16 22 Slashing Weapon 2 | . . . . . 6 . Naked Turns . | . . . . . . . Heaviest Build 62 | 14 28 32 38 38 62 60 Greatest Support 90 | 20 40 16 20 16 90 90 Greatest Overweight (x) 2 | . 1 1 2 2 2 . Average Overweight (x) . | . . 1 1 2 . . Largest Inventory Capacity 20 | 8 15 15 15 15 20 20 Average Capacity 16 | 6 10 15 15 15 19 20 Most Carried 20 | 4 13 15 15 15 20 20 Average Carried 15 | 2 8 14 14 15 18 19 Final Capacity 20 | 8 15 15 15 15 20 20 Final Carried 20 | 4 13 15 15 15 20 19 Class Distribution -------------------- 61% | Mutant 31% | Gunner 5% | Scavenger-Tank Dominant Class ---------------- Mutant | -10/Materials Mutant | -10/Mines Gunner | -9/Materials Gunner | -9/Mines Mutant | -9/Exiles Mutant | -8/Mines Resources | -11 -10 -10 -9 -9 -9 -8 ----------- Run | Scr Mat Min Mat Min Exi Min Matter Collected 1415 | 227 120 99 254 62 596 57 Remotely . | . . . . . . . Salvage Created 1407 | . 143 69 342 124 538 191 Parts 95 | . 9 5 21 5 49 6 Haulers Intercepted 1 | . . . 1 . . . Recyclers Shooed . | . . . . . . . Parts Field Recycled . | . . . . . . . Retrieved Matter . | . . . . . . . Parts Self-Destructed . | . . . . . . . Prevented . | . . . . . . . Kills | -11 -10 -10 -9 -9 -9 -8 ------- Run | Scr Mat Min Mat Min Exi Min Combat Hostiles Destroyed 29 | . 6 5 10 1 4 3 Melee 1 | . . . . . 1 . Guns 22 | . 6 3 10 1 . 2 Cannons 1 | . . . . . 1 . AOE 5 | . . 2 . . 2 1 Classes Destroyed 13 | . 2 2 4 2 2 1 Worker 1 | . . . 1 . . . Builder 1 | . . 1 . . . . Tunneler 1 | . . . . 1 . . Hauler 1 | . . . 1 . . . Recycler 1 | . . . . 1 . . Turret 1 | . . . . . 1 . Swarmer 14 | . 4 2 7 1 . . Grunt 5 | . 2 . 1 . . 2 Brawler 1 | . . . . . . 1 Duelist 1 | . . . 1 . . . Sentry 1 | . . . 1 . . . Zionite 4 | . . . . . 4 . Assembled 6 | . . 3 . . 3 . Best Kill Streak 6 | . 2 4 6 1 3 3 Combat Bots Only 5 | . 2 3 5 1 3 3 Max Kills in Single Turn 3 | . 1 2 3 1 1 1 Gunslinging 1 | . . 1 1 . . . Exploded 1 | . . 1 . . 1 1 Melee 1 | . . . . . 1 . Uniques/NPCs Destroyed 4 | . . . . . 4 . 8R-AWN (-9/Exiles) EX-HEX (-9/Exiles) EX-BIN (-9/Exiles) EX-DEC (-9/Exiles) Combat | -11 -10 -10 -9 -9 -9 -8 -------- Run | Scr Mat Min Mat Min Exi Min Damage Taken 3886 | . 895 185 414 15 1105 1272 Core 613 | . 140 57 83 7 188 138 Absorbed by Shields . | . . . . . . . Redirected to Shielding 50 | . 29 12 9 . . . Core Remaining (%) 60 | 100 . 21 . . . . Volleys Fired 156 | . 41 9 24 3 71 8 Largest 3 | . 2 2 3 3 2 3 Hottest 112 | . 85 85 108 69 112 102 Shots Fired 360 | . 78 16 66 9 170 21 Gun 335 | . 78 14 66 9 151 17 Cannon 21 | . . . . . 17 4 Launcher 4 | . . 2 . . 2 . Special . | . . . . . . . Kinetic 230 | . 36 7 61 9 100 17 Thermal 105 | . 42 7 5 . 51 . Explosive 4 | . . 2 . . 2 . Electromagnetic 21 | . . . . . 17 4 Robot Hit Streak 19 | . 5 3 6 11 19 6 Robot Miss Streak 6 | . 6 2 3 . 3 3 Penetration Max . | . . . . . . . Secondary Targets 6 | . 2 1 3 . . . Max Gunslinging Chain 1 | . 1 1 1 . . . Autonomous 52 | . . . . . 52 . Shots Hit Robots 275 | . 42 7 43 5 165 13 Core Hits 88 | . 10 11 18 4 39 6 Critical Kills 1 | . . . . . 1 . Critical Parts Destroyed 2 | . . . 1 . 1 . Critical Strikes 6 | . . . 1 . 5 . Destroy 3 | . . . 1 . 2 . Corrupt 1 | . . . . . 1 . Sever 2 | . . . . . 2 . Melee Attacks 86 | . 6 . . . 79 1 Impact 6 | . 6 . . . . . Slashing 80 | . . . . . 79 1 Piercing . | . . . . . . . Sneak Attacks . | . . . . . . . Combat Hostiles . | . . . . . . . Follow-up Attacks . | . . . . . . . Damage Inflicted 4231 | . 528 220 528 86 2588 281 Guns 2451 | . 526 107 528 86 1077 127 Cannons 102 | . . . . . 38 64 Explosions 288 | . . 113 . . 85 90 Melee 1388 | . . . . . 1388 . Ramming 2 | . 2 . . . . . Kinetic 1858 | . 213 43 469 86 920 127 Thermal 683 | . 313 64 59 . 157 90 Explosive 196 | . . 113 . . 83 . Electromagnetic 104 | . . . . . 40 64 Impact . | . . . . . . . Slashing 1388 | . . . . . 1388 . Piercing . | . . . . . . . Highest Corruption 1 | . 1 1 . . . . Average Corruption 1 | . 1 1 . . . . Corruption Purged . | . . . . . . . Corruption Blocked . | . . . . . . . Effects 8 | . 5 3 . . . . Message Errors 4 | . 1 3 . . . . Matter Fused 2 | . 2 . . . . . Misfires 2 | . 2 . . . . . Overload Shots . | . . . . . . . Overflow Damage 54 | . . . . . 54 . Projectiles 2 | . . . . . 2 . Explosions . | . . . . . . . Melee 52 | . . . . . 52 . Knockbacks . | . . . . . . . Impact . | . . . . . . . Kinetic . | . . . . . . . Secondary . | . . . . . . . Self-Inflicted Damage 219 | . . . . . 111 108 Shots 3 | . . . . . 1 2 Rammed 2 | . 2 . . . . . Targets Rammed 2 | . 2 . . . . . Kicked . | . . . . . . . Crushed . | . . . . . . . Highest Temperature 282 | . 282 160 210 . . 1 Average Temperature 104 | . 125 74 55 . . 1 Received Heat Transfer 432 | . 306 9 72 . . 45 Effects 2 | . 2 . . . . . Energy Bleed 1 | . 1 . . . . . Interference 1 | . 1 . . . . . Siege Activations . | . . . . . . . Robots Corrupted . | . . . . . . . Combat Hostiles . | . . . . . . . Parts Fried 1 | . . . . . 1 . Impact Corruptions . | . . . . . . . Robots Melted . | . . . . . . . Combat Hostiles . | . . . . . . . Parts Melted . | . . . . . . . Heat Transferred 1637 | . 777 148 148 . 414 150 Parts Sabotaged . | . . . . . . . Parts Stolen . | . . . . . . . Parts Stripped . | . . . . . . . Power Chain Reactions 3 | . . . . . 1 2 Missiles Intercepted . | . . . . . . . Alert | -11 -10 -10 -9 -9 -9 -8 ------- Run | Scr Mat Min Mat Min Exi Min Peak Influence 307 | . 227 68 307 80 . 109 Initial 47 | . . . 26 47 . . Average 74 | . 76 21 133 56 . 95 Maximum Alert Level 1 | . 1 . 1 . . . Low Security (%) 92 | 100 82 100 94 100 . 100 Level 1 7 | . 17 . 5 . . . Level 2 . | . . . . . . . Level 3 . | . . . . . . . Level 4 . | . . . . . . . Level 5 . | . . . . . . . High Security . | . . . . . . . Max Security . | . . . . . . . Squads Dispatched 1 | . 1 . . . . . Investigation . | . . . . . . . Extermination . | . . . . . . . Reinforcement 1 | . 1 . . . . . Assault . | . . . . . . . Garrison . | . . . . . . . Intercept . | . . . . . . . Searches Triggered . | . . . . . . . Construction Impeded . | . . . . . . . Haulers Reinforced . | . . . . . . . Active Scanning Responses . | . . . . . . . Cargo Convoy Interrupts . | . . . . . . . Stealth | -11 -10 -10 -9 -9 -9 -8 --------- Run | Scr Mat Min Mat Min Exi Min Distress Signals 2 | . 2 . . . . . Communications Jammed . | . . . . . . . Distress Signals . | . . . . . . . Times Spotted 115 | . 18 12 12 3 66 4 Peak Tracking Total 11 | . 5 4 6 4 11 4 Tactical Retreats 29 | . 2 3 . 1 23 . Traps | -11 -10 -10 -9 -9 -9 -8 ------- Run | Scr Mat Min Mat Min Exi Min Traps Triggered 2 | . 1 . 1 . . . Indirectly . | . . . . . . . Trap Hack Attempts . | . . . . . . . Triggered . | . . . . . . . Disarmed . | . . . . . . . Reprogrammed . | . . . . . . . Reused 1 | . . . . . 1 . Traps Extracted . | . . . . . . . Installed 3 | . . . . . 3 . Triggered . | . . . . . . . Most Traps Carried 3 | . . 3 3 3 3 . Exploded 3 | . . . . . 3 . Machines | -11 -10 -10 -9 -9 -9 -8 ---------- Run | Scr Mat Min Mat Min Exi Min Machines Disabled 30 | . . . . . 29 1 Max in Single Turn 2 | . . . . . 2 1 Machines Sabotaged . | . . . . . . . Garrisons Compromised . | . . . . . . . Overloaded Fab Kills . | . . . . . . . Hacking | -11 -10 -10 -9 -9 -9 -8 --------- Run | Scr Mat Min Mat Min Exi Min Machines Accessed 12 | . 6 . 4 . 2 . Terminals 9 | . 5 . 4 . . . Fabricators . | . . . . . . . Repair Stations . | . . . . . . . Recycling Units 1 | . 1 . . . . . Scanalyzers . | . . . . . . . Garrison Access . | . . . . . . . Total Hacks 35 | . 19 . 11 . 5 . Successful 20 | . 11 . 4 . 5 . Failed 15 | . 8 . 7 . . . Catastrophic 5 | . 3 . 2 . . . Database Lockouts . | . . . . . . . Manual 19 | . 10 . 8 . 1 . Terminals 27 | . 16 . 11 . . . Fabricators . | . . . . . . . Repair Stations . | . . . . . . . Recycling Units 3 | . 3 . . . . . Scanalyzers . | . . . . . . . Garrison Access . | . . . . . . . Terminal Hacks 14 | . 5 . 4 . 5 . Record 4 | . . . . . 4 . Prototype ID Bank 2 | . 2 . . . . . Branch Access Points 2 | . 1 . 1 . . . Hauler Manifests 2 | . 1 . 1 . . . Registered Components 1 | . . . 1 . . . Zone Layout 2 | . 1 . 1 . . . EX-Prototype ID Bank 1 | . . . . . 1 . Fabricator Hacks . | . . . . . . . Repair Station Hacks . | . . . . . . . Recycling Unit Hacks 1 | . 1 . . . . . Retrieve Components 1 | . 1 . . . . . Scanalyzer . | . . . . . . . Garrison Access Hacks . | . . . . . . . Unauthorized Hacks 5 | . 5 . . . . . Terminals 4 | . 4 . . . . . Track 2 | . 2 . . . . . Botnet 1 | . 1 . . . . . Operators 1 | . 1 . . . . . Fabricators . | . . . . . . . Repair Stations . | . . . . . . . Recycling Units 1 | . 1 . . . . . Reject 1 | . 1 . . . . . Scanalyzers . | . . . . . . . Garrison Access . | . . . . . . . Data Cores Recovered . | . . . . . . . Used . | . . . . . . . Hacking Detections 10 | . 6 . 4 . . . Full Trace Events . | . . . . . . . Feedback Events . | . . . . . . . Feedback Blocked . | . . . . . . . Robot Schematics Acquired . | . . . . . . . Robots Built . | . . . . . . . Authchips . | . . . . . . . Time . | . . . . . . . Total Robot Build Rating . | . . . . . . . Part Schematics Acquired . | . . . . . . . Parts Built . | . . . . . . . Authchips . | . . . . . . . Time . | . . . . . . . Total Part Build Rating . | . . . . . . . Parts Repaired . | . . . . . . . Time . | . . . . . . . Parts Recycled . | . . . . . . . Recycled Matter . | . . . . . . . Retrieved Matter . | . . . . . . . Retrieved Components 4 | . 4 . . . . . Parts Scanalyzed . | . . . . . . . Part Schematics Acquired . | . . . . . . . Parts Damaged . | . . . . . . . Bothacking | -11 -10 -10 -9 -9 -9 -8 ------------ Run | Scr Mat Min Mat Min Exi Min Used RIF Installer . | . . . . . . . Robots Hacked . | . . . . . . . Non-combat . | . . . . . . . Combat . | . . . . . . . Robot Hacks Applied . | . . . . . . . Relay Couplers Released . | . . . . . . . Fabnet Peak Effective % . | . . . . . . . Robots Rewired . | . . . . . . . Allies Hacked . | . . . . . . . Hacks Repelled . | . . . . . . . Allies | -11 -10 -10 -9 -9 -9 -8 -------- Run | Scr Mat Min Mat Min Exi Min Total Allies . | . . . . . . . Largest Group . | . . . . . . . Highest-Rated Group . | . . . . . . . Highest-Rated Ally . | . . . . . . . Total Orders . | . . . . . . . Ally Attacks . | . . . . . . . Total Damage . | . . . . . . . Kills . | . . . . . . . Allies Corrupted . | . . . . . . . Allies Melted . | . . . . . . . Intel | -11 -10 -10 -9 -9 -9 -8 ------- Run | Scr Mat Min Mat Min Exi Min Robot Analysis Total . | . . . . . . . Derelict Logs Recovered 2 | . . 1 . 1 . . Drone Launches . | . . . . . . . Drone Recoveries . | . . . . . . . Exploration | -11 -10 -10 -9 -9 -9 -8 ------------- Run | Scr Mat Min Mat Min Exi Min Turns Passed 5210 | 59 976 477 632 579 2389 98 Spaces Moved 3816 | 45 676 381 383 435 1839 57 Core 4 | 4 . . . . . . Treads 148 | 6 104 . 38 . . . Legs 1604 | . . . . . 1547 57 Wheels 2060 | 35 572 381 345 435 292 . Hover . | . . . . . . . Flight . | . . . . . . . Fastest Speed 50 | 50 100 115 115 130 90 100 Average Speed 113 | 103 118 115 139 130 103 100 Slowest Speed 240 | 160 160 115 240 130 170 106 Overloaded Moves . | . . . . . . . Propulsion Burnouts . | . . . . . . . Robots Hopped . | . . . . . . . Cave-ins Triggered . | . . . . . . . Exploration Rate (%) 56 | 4 92 70 28 88 97 16 Regions Visited 6 Branch Regions 4 Pre-discovered Areas 2 | . . . . 1 1 . Known Exits Taken 2 | . 1 . 1 . . . Unknown Exits Taken 4 | 1 . 1 . 1 1 . Scrap Searched 3 | . . 1 . 2 . . Spaces Dug 4 | . 2 . . . 1 1 Terrain Destroyed 89 | . 2 25 . . 57 5 Melee 4 | . 2 . . . 1 1 Projectile 7 | . . . . . 7 . AOE 77 | . . 25 . . 48 4 Terrain Rammed . | . . . . . . . Walls Destroyed . | . . . . . . . Machines Disabled . | . . . . . . . Actions | -11 -10 -10 -9 -9 -9 -8 --------- Run | Scr Mat Min Mat Min Exi Min Total 4286 | 54 769 405 438 444 2098 78 Wait 58 | . 12 8 1 3 27 7 Move 3810 | 44 675 380 382 434 1838 57 Hop . | . . . . . . . Pick Up 55 | 4 14 4 7 1 25 . Fast Attach 24 | 6 3 . 9 1 5 . Attach 23 | . 6 1 4 . 11 1 Detach 9 | . 1 . . . 8 . Swap 18 | . 4 1 . . 9 4 Drop 42 | . 5 2 11 2 22 . Fire 156 | . 41 9 24 3 71 8 Melee 86 | . 6 . . . 79 1 Ram . | . . . . . . . Kick . | . . . . . . . Crush 2 | . 2 . . . . . Escape Stasis . | . . . . . . . Rewire . | . . . . . . . Trap 3 | . . . . . 3 . Miscellaneous . | . . . . . . . Route ------- -11/Scrapyard -10/Materials (discovered 4 exits: *Mat x3 / *Min) -10/Mines -9/Materials (discovered 3 exits: *Min x2 / *Sto) -9/Mines (discovered 3 exits: [*Mat x2] / *Exi) -9/Exiles (discovered 2 exits: [*Min x2]) -8/Mines History --------- Turn | Location | Event 11 | -11/Scrapyard | Discovered new exit (range 15) 60 | -11/Scrapyard | Entered Materials 70 | -10/Materials | Identified exit to Mines 253 | -10/Materials | Lost 5 parts (1p2n2w) 286 | -10/Materials | Core integrity fell below 50% 299 | -10/Materials | Discovered new exit (range 10) 318 | -10/Materials | Build established: Mutant 394 | -10/Materials | Discovered new exit (range 6) 459 | -10/Materials | Discovered new exit (range 16) 1036 | -10/Materials | Entered Mines 1112 | -10/Mines | Found a hidden stash of uninstalled traps 1149 | -10/Mines | YI-UF0 nonchalantly dropped a Grenade Launcher on the ground 1206 | -10/Mines | Learned Materials security intel 1366 | -10/Mines | Assembled infested the area 1371 | -10/Mines | Assisted by a Guerilla fighting off Assembled 1502 | -10/Mines | Discovered new exit (range 10) 1513 | -10/Mines | Entered Materials 1513 | -9/Materials | Evolved 2 slots: Propulsion x1, Weapon x1 1522 | -9/Materials | Identified exit to Mines 1522 | -9/Materials | Identified exit to Storage 2145 | -9/Materials | Entered Mines 2152 | -9/Mines | Received a Rocket Launcher from a helpful Derelict 2174 | -9/Mines | Build established: Gunner 2281 | -9/Mines | Learned Materials garrison access intel 2361 | -9/Mines | Learned location of Storage (-9) 2570 | -9/Mines | Discovered new exit (range 12) 2598 | -9/Mines | Discovered new exit (range 9) 2653 | -9/Mines | Deemed a non-threat by the Exiles lab entrance 2653 | -9/Mines | Discovered new exit (range 5) 2724 | -9/Mines | Entered Exiles 2757 | -9/Exiles | Met 8R-AWN 2778 | -9/Exiles | Met EX-HEX 2979 | -9/Exiles | Met EX-BIN 3063 | -9/Exiles | Aligned with FarCom system 3065 | -9/Exiles | Given EX-Vault access code 3096 | -9/Exiles | Opened EX-Vault 3108 | -9/Exiles | Found Superbattery 3114 | -9/Exiles | Found Potential Leg 3117 | -9/Exiles | Found Potential Leg 3124 | -9/Exiles | Found AWS/Thermal 3148 | -9/Exiles | Warned to stay clear of 0b10 Research branches 3176 | -9/Exiles | Met EX-DEC 3191 | -9/Exiles | Learned location of Zion (-6) 3308 | -9/Exiles | Attacked by the Exiles 3468 | -9/Exiles | Found Prototype Ballistic Gun 3469 | -9/Exiles | Core integrity fell below 50% 3497 | -9/Exiles | Lost 3 parts (1p1n1u) 3504 | -9/Exiles | Destroyed 8R-AWN 3516 | -9/Exiles | Identified 8R-AWN's Boregun 3663 | -9/Exiles | Destroyed EX-HEX 3688 | -9/Exiles | Destroyed EX-BIN 3757 | -9/Exiles | Destroyed EX-DEC 3773 | -9/Exiles | Found Deploy-a-Sentry 3936 | -9/Exiles | Build established: Mutant 4041 | -9/Exiles | Discovered new exit (range 14) 4254 | -9/Exiles | Discovered new exit (range 10) 5113 | -9/Exiles | Stole three prototypes: Potential Leg, Superbattery, Deploy-a-Sentry 5113 | -9/Exiles | Entered Mines 5125 | -8/Mines | Core integrity fell below 20% 5162 | -8/Mines | 99-TNT came to Exiles' defense 5211 | -8/Mines | Destroyed by 99-TNT with 99-TNT's Nukerbomber Last Messages --------------- GOAL=ESCAPE 05115_ B-36 Bruiser destroyed. 05118_ Chain reaction triggered in Lgt. Nuclear Core. 05118_ G-47 Trooper destroyed. 05118_ Seismic Survey Station disabled. 05124_ Chain reaction triggered in Lgt. Nuclear Core. 05127_ G-47 Trooper misfires. 05130_ G-47 Trooper destroyed. 05133_ Acquired 36 matter. 05134_ Acquired 21 matter. 05159_ A-02 Transporter destroyed. 05162_ 99-TNT: "I came as fast as I could... Wait, it was you!" 05201_ HV Slug penetrates Wall. 05201_ Cld. Ion Engine destroyed. 05201_ K-01 Serf destroyed. 05203_ Adv. Myomer Leg destroyed. 05203_ Imp. Assault Rifle destroyed. 05203_ Autogun destroyed. 05203_ 8R-AWN's Boregun destroyed. 05204_ The unstable cave ceiling collapses. Map ----- +----------------------------------------------------+ | | | | | | | | | | | | | | | ?????????????????????????????????????????? | | ????????????????##########???????????????? | | ????????????????# #???????????????? | | ????????????????# """ #???????????????? | | ????????????????# "" #???????????????? | | ????????????????# " #???????????????? | | ????????????????# = #???????????????? | | ????????????????# [* ######??????????? | | ????????????????# = = ##?????????? | | ????????????????# = ##????????? | | ????????????????## #;;; # # #????????? | | ?????????????????# ## #######??? | | ?????????????????# # d ## ##?? | | ?????????????????# # #?? | | ?????????????????# # ##? | | ?????????????????# ## ## #? | | ???????????#######r# ### #? | | ????????# #### #? | | ???????????########## @ ##?# ##? | | ????????????????????### ####??# ##?? | | ????????????????????##! ##????# ####??? | | ????????????????????# #????# ##?????? | | ????????????????????# #????# #??????? | | ????????????????????# #???## ##?????? | | ????????????????????# ##### #?????? | | ????????????????????## ## #?????? | | ?????????????????????## * #?????? | | ??????????????????????## ##?????? | | ???????????????????????# ##??????? | | ???????????????????????## ## ##???????? | | ????????????????????????### ## #????????? | | ??????????????????????????# #????????? | | ??????????????????????????# ####????????? | | ??????????????????????????# #???????????? | | ??????????????????????????# #???????????? | | ??????????????????????????# #???????????? | | ??????????????????????????# ???????????? | | ??????????????????????????# ???????????? | | ?????????????????????????? ???????????? | | ??????????????????????????## ???????????? | | ????????????????????????????# ??????????? | | ?????????????????????????????#???????????? | | ?????????????????????????????????????????? | +----------------------------------------------------+ Best States ------------- Heat Dissipation 54 Energy Generation 14 Energy Capacity 280 Matter Stores 300 Matter Capacity 300 Sight Range 16 Terrain Scan Density 10 Core Shielding 20 Evasion (%) 57 Recoil Reduction 2 Defensive Hacking 7 Item Schematics ----------------- None Robot Schematics ------------------ None Fabricated ------------ Nothing Alien Tech Used ----------------- None Achievements -------------- None Challenges ------------ None Game ------ Seed WeldingControlRouter Manual? 0 Play Time 00:45:48 Cumulative 216.6 hours Start 2022.04.22 @ 17:21:53 End 2022.04.22 @ 18:17:55 Sessions 1 Manual Loads 0 Difficulty Rogue Special Mode None Game No. 63 Rogue 46 Adventurer 17 Explorer 0 Win Type - Total 12 Types 7/0/4/1/0/0/0/0/0 Lore% 72 Gallery% 73 Achievement% 67 Wizard Run 0 Options --------- ASCII 0 Keyboard 0 Movement Arrows Keybinds 0 Fullscreen 1 Font 28/Dina Map View 72x54 Tactical HUD 1 Map Filters NONE Filters NONE Steam 1 RUN: 5a3cb23e-15fc-4cf5-a329-aaa4fecb37e3